 Dungeon Crawl Stone Soup version 0.31-a0-233-g139696dc86 (webtiles) character file.

Game seed: 18383064919277757469

476 porpoise the Changer (level 6, 0/47 HPs)
             Began as a Draconian Transmuter on July 9, 2023.
             Slain by a jackal (2 damage)
             ... on level 4 of the Dungeon.
             The game lasted 00:12:11 (3707 turns).

porpoise the Changer (Draconian Transmuter)         Turns: 3707, Time: 00:12:11

Health: 0/47       AC:  7    Str: 14    XL:     6   Next: 84%
Magic:  10/10      EV: 12    Int: 13    God:
Gold:   149        SH:  0    Dex: 12    Spells: 8/11 levels left

rFire   . .          .
                       - Unarmed
rCold   . . .        (no shield)
rNeg    . . .        (body armour unavailable)
rPois   +            (helmet restricted)
rElec   .            (no cloak)
rCorr   .            (no gloves)
SInv    .            e - +0 pair of boots
Will    ++...        (no amulet)
Stlth   +            i - ring of willpower
HPRegen 0.27/turn    (no ring)
MPRegen 0.12/turn

%: no passive effects
@: enlightened, flying
A: AC +6, unfitting armour, cold-blooded, deterioration 1, poison resistance
a: no special abilities


You were on level 4 of the Dungeon.
You visited 1 branch of the dungeon, and saw 4 of its levels.

You collected 149 gold pieces.

Inventory:

Hand Weapons
 b - a +0 sling
 c - a +4 dagger
Missiles
 u - 2 boomerangs
Armour
 e - a +0 pair of boots (worn)
 t - an orb of wrath
Jewellery
 i - a ring of willpower (left hand)
 s - an amulet of reflection
Scrolls
 k - a scroll of amnesia {unknown}
 m - a scroll of revelation {unknown}
 n - a scroll of immolation {unknown}
 o - a scroll of noise {unknown}
 p - a scroll of teleportation {unknown}
 q - a scroll of fog {unknown}
Potions
 a - a potion of resistance
 f - 2 potions of haste
 h - a potion of cancellation {unknown}
 j - a potion of lignification
 l - 2 potions of curing
 r - a potion of attraction {unknown}


   Skills:
 - Level 1.1 Fighting
 - Level 1.7 Dodging
 + Level 4.9 Unarmed Combat
 - Level 3.0 Spellcasting
 * Level 5.8 Transmutations


You had 8 spell levels left.
You knew the following spells:

 Your Spells              Type           Power      Damage    Failure   Level
a - Beastly Appendage     Tmut           34%        N/A       2%          1
w - Wereblood             Tmut           17%        N/A       3%          2

Your spell library contained the following spells:

 Spells                   Type           Power      Damage    Failure   Level
 Sting                    Tmut/Pois      36%        1d4       7%          1
 Spider Form              Tmut/Pois      9%         N/A       22%         3
 Poisonous Vapours        Pois/Air       2%         N/A       34%         2
 Inner Flame              Hex/Fire       1%         N/A       56%         3
 Ice Form                 Ice/Tmut       9%         N/A       56%         4
 Flame Wave               Conj/Fire      1%         2d4       92%         4
 Olgreb's Toxic Radiance  Pois           1%         N/A       92%         4
 Sticky Flame             Conj/Fire      1%         2d3       92%         4
 Summon Forest            Summ/Tloc      0%         N/A       99%         5
 Eringya's Noxious Bog    Tmut/Pois      4%         4d6       100%        6
 Summon Hydra             Summ           0%         N/A       100%        7


Dungeon Overview and Level Annotations

Branches:
Dungeon (4/15)
 Temple: D:4-7

Altars:
Ashenzari
Qazlal
Trog
Zin


Innate Abilities, Weirdness & Mutations

Your plain brown scales are hard. (AC +6)
You cannot fit into any form of body armour.
You are cold-blooded and may be slowed by cold attacks.
Your body sometimes deteriorates upon taking damage.
Your system is resistant to poisons. (rPois)


Message History

You tail-slap the sleepcap, but do no damage.
The jackal completely misses you.
The sleepcap releases spores at you but does no damage.
You hit the sleepcap but do no damage. The jackal barely misses you.
The sleepcap closely misses you.
You hit the sleepcap.
The sleepcap is lightly damaged.
The jackal bites you.
* * * LOW HITPOINT WARNING * * *
You hit the sleepcap but do no damage.
You tail-slap the sleepcap, but do no damage.
The sleepcap is lightly damaged.
The jackal barely misses you. The sleepcap releases spores at you.
* * * LOW HITPOINT WARNING * * *
The jackal bites you.
* * * LOW HITPOINT WARNING * * *
You hit the sleepcap.
The sleepcap is moderately damaged.
The sleepcap closely misses you. The jackal barely misses you.
You hit the sleepcap but do no damage.
You tail-slap the sleepcap, but do no damage.
The sleepcap is moderately damaged.
The jackal bites you.
* * * LOW HITPOINT WARNING * * *
The sleepcap releases spores at you.
* * * LOW HITPOINT WARNING * * *
You are engulfed in a cloud of soporific spores!
You fall asleep.
The jackal bites you.
You wake up.
* * * LOW HITPOINT WARNING * * *
The sleepcap releases spores at you but does no damage.
The jackal bites you but does no damage.
It was a potion of enlightenment.
You feel very buoyant.
You fly up into the air.
The sleepcap completely misses you. The jackal barely misses you.
It was a potion of mutation.
You feel extremely strange.
You feel yourself wasting away.
You feel resistant to poisons. The jackal bites you.
You die...

############
#.....>....#
#..........#
#..........#
#.........#
#.........# # #...@#
.. #..fh#######g. .
#....).f..... ..
#...†..[..## ...
#.......[$##....
#....#..........
######....##........
##...##.......#
#....##.......#


You could see a sleepcap and a jackal.

Vanquished Creatures
  Grinder (D:3)
  2 scorpions (D:4)
  2 orc priests
  Terence (D:3)
  An orc wizard (D:4)
  A dart slug (D:1)
  5 orcs
  3 endoplasms
  4 giant cockroaches
  7 goblins
  4 hobgoblins
  6 jackals
  A quokka (D:3)
  7 ball pythons
  3 bats
  3 frilled lizards
  5 kobolds
  A rat (D:3)
57 creatures vanquished.

Notes
Turn   | Place    | Note
-------+----------+-------------------------------------------
     0 | D:1      | porpoise the Draconian Transmuter began the quest for the
                  | Orb.
     0 | D:1      | Reached XP level 1. HP: 16/16 MP: 3/3
   336 | D:1      | Reached XP level 2. HP: 8/23 MP: 5/5
   574 | D:1      | Learned a level 2 spell: Wereblood
  1278 | D:2      | Found a bloodstained altar of Trog.
  2126 | D:2      | Reached XP level 3. HP: 27/28 MP: 6/6
  2566 | D:3      | Noticed Terence
  2586 | D:3      | Killed Terence
  2587 | D:3      | Reached skill level 3 in Transmutations
  2706 | D:3      | Found a stormy altar of Qazlal.
  2723 | D:3      | Reached XP level 4. HP: 19/35 MP: 4/8
  2909 | D:3      | Found a broken altar of Ashenzari.
  2910 | D:3      | Noticed Grinder
  2929 | D:3      | Killed Grinder
  2930 | D:3      | Reached skill level 4 in Transmutations
  2930 | D:3      | Reached XP level 5. HP: 10/40 MP: 7/9
  2930 | D:3      | Reached XP level 6. HP: 12/47 MP: 7/10
  3256 | D:3      | Found a glowing silver altar of Zin.
  3315 | D:4      | Reached skill level 5 in Transmutations
  3375 | D:4      | HP: 2/47 [poisoned by a scorpion]
  3705 | D:4      | HP: 2/47 [jackal (2)]
  3707 | D:4      | Gained mutation: Your body sometimes deteriorates upon
                  | taking damage. [potion of mutation]
  3707 | D:4      | Gained mutation: Your system is resistant to poisons.
                  | (rPois) [potion of mutation]
  3707 | D:4      | Slain by a jackal

Illustrated notes

Levels and vault maps discovered:
D:1:      lightli_arrival_windingriver, layout_basic, minmay_misc_feat_ornament,
          st_stairs_5
D:2:      layout_basic, basic_altar
D:3:      layout_rooms, mainiacjoe_overflow_alcove_1, lemuel_round_altar,
          lemuel_coloured_pillars_altar, uniq_grinder, uniq_terence
D:4:      layout_gridville, nemelex_spade_bored_becter,
          lightli_ossuary_entry_decrepit_ruins

Skill      XL: |  1  2  3  4  5  6 |
---------------+-------------------+-----
Transmutations | 3 4 5 |  5.8
Spellcasting   | 3 |  3.0
Unarmed Combat | 4 |  4.9
Fighting       | |  1.1
Dodging        | |  1.7

Action                     |  1- 3 |  4- 6 || total
---------------------------+-------+-------++-------
  Melee: Unarmed           |   104 |   107 ||   211
         Kick              |    10 |    21 ||    31
         Tailslap          |     7 |    14 ||    21
         Dagger            |    17 |       ||    17
         Headbutt          |     8 |    10 ||    18
         Punch             |       |     5 ||     5
   Cast: Beastly Appendage |     6 |     5 ||    11
         Wereblood         |     3 |     1 ||     4
    Use: Potion            |       |     3 ||     3
         Scroll            |       |     3 ||     3
   Stab: Sleeping          |     1 |       ||     1
 Armour: Skin              |    37 |    51 ||    88
  Dodge: Dodged            |    76 |    79 ||   155

Table legend: (Time is in decaauts)
 A = Elapsed time spent in this place.
 B = Non-inter-level travel time spent in this place.
 C = Inter-level travel time spent in this place.
 D = Time resting spent in this place.
 E = Time spent auto-exploring this place.
 F = Levels seen in this place.
 G = Mean time per level.
                   A        B        C        D        E       F      G
               +--------+--------+--------+--------+--------+-----+--------+
         Total |   3688 |   3620 |     68 |   1270 |   1834 |   4 |  922.0 |
       Dungeon |   3688 |   3620 |     68 |   1270 |   1834 |   4 |  922.0 |
               +--------+--------+--------+--------+--------+-----+--------+

Top non-repeatable levels by time:
     D:1: 1257 daAuts
     D:2: 1209 daAuts
     D:3: 831 daAuts
     D:4: 390 daAuts
